[Event "Titled Tuesday Blitz January 10 Late 2023"]
[White "Kuznetsov, Felix"]
[Black "Peatman, Carter"]
[WhiteFideId "34147990"]
[BlackFideId "2096480"]
[WhiteElo "2254"]
[BlackElo "1998"]
[Result "1-0"]
[Round "01"]
[TimeControl "180+2"]
[Date "2023.01.10"]
[WhiteClock "0:00:43"]
[BlackClock "0:00:03"]

1. e4 e5 2. Nf3 Nf6 3. Nxe5 d6 4. Nf3 Nxe4 5. Nc3 Nxc3 6. dxc3 Be7 7. Be3 O-O 8. Qd2 Be6 9. Be2 Nc6 10. O-O Re8 11. Rfe1 Qd7 12. Nd4 Nxd4 13. Bxd4 c5 14. Be3 d5 15. Rad1 Rad8 16. Bf3 Qa4 17. a3 b6 18. h3 Bf6 19. Bg5 Bxg5 20. Qxg5 Qxc2 21. Rd2 Qb3 22. Bxd5 Bxd5 23. Rxe8+ Rxe8 24. Qxd5 Qxd5 25. Rxd5 Kf8 26. Kf1 Ke7 27. Ke2 Ke6 28. c4 Re7 29. Kd3 Rc7 30. Ke4 g6 31. g4 f6 32. f4 Rd7 33. f5+ gxf5+ 34. gxf5+ Ke7 35. Rxd7+ Kxd7 36. Kd5 a6 37. h4 a5 38. a4 h6 39. h5 Ke7 40. Kc6 Ke8 41. Kxb6 Ke7 42. Kxc5 1-0


[Site "https://www.chess.com"]

[Event "Titled Tuesday Blitz January 10 Late 2023"]
[White "Arenas, David"]
[Black "Ibarra Jerez, Jose Carlos"]
[WhiteFideId "4403177"]
[BlackFideId "2226332"]
[WhiteElo "2426"]
[BlackElo "2563"]
[Result "0-1"]
[Round "01"]
[TimeControl "180+2"]
[Date "2023.01.10"]
[WhiteClock "0:01:01"]
[BlackClock "0:00:53"]

1. e4 c5 2. Nf3 Nc6 3. Nc3 Nf6 4. d4 cxd4 5. Nxd4 e6 6. Ndb5 Bc5 7. Bf4 O-O 8. Bd6 Qb6 9. Bxc5 Qxc5 10. Qd6 Qb6 11. Be2 a6 12. Qc7 Qxc7 13. Nxc7 Ra7 14. f4 d6 15. O-O-O b6 16. Nxa6 Bxa6 17. Bxa6 Rxa6 18. Rxd6 Rc8 19. Rhd1 Kf8 20. e5 Ne8 21. Rd7 Ra7 22. Rxa7 Nxa7 23. Rd7 Rc7 24. Rd8 Ke7 25. Ra8 Rb7 26. Ne4 Rc7 27. Rb8 Nc8 28. a4 Kd7 29. b3 Ra7 30. Kb2 Kc7 0-1


[Site "https://www.chess.com"]

[Event "Titled Tuesday Blitz January 10 Late 2023"]
[White "Makarian, Rudik"]
[Black "Urquhart, Ed"]
[WhiteFideId "44105681"]
[BlackFideId "2603748"]
[WhiteElo "2545"]
[BlackElo "2209"]
[Result "1-0"]
[Round "01"]
[TimeControl "180+2"]
[Date "2023.01.10"]
[WhiteClock "0:01:50"]
[BlackClock "0:01:32"]

1. d4 Nf6 2. c4 e6 3. Nf3 Nc6 4. g3 Bb4+ 5. Bd2 a5 6. Bg2 O-O 7. O-O Bxd2 8. Qxd2 d6 9. Nc3 Qe7 10. e4 e5 11. d5 Nb8 12. Ne1 Na6 13. Nd3 b6 14. f4 exf4 15. gxf4 Nc5 16. Rae1 Nxd3 17. Qxd3 g6 18. Qd4 Nh5 19. e5 Bf5 20. Ne4 Bxe4 21. Qxe4 Rae8 22. Qd4 Qh4 23. Re4 f5 24. Re2 dxe5 25. Rxe5 Rxe5 26. Qxe5 Qd8 27. d6 Qg5 1-0


[Site "https://www.chess.com"]

[Event "Titled Tuesday Blitz January 10 Late 2023"]
[White "Kuznecovs, Nikita"]
[Black "Gorodetzky, David"]
[WhiteFideId "11604557"]
[BlackFideId "2813416"]
[WhiteElo "2287"]
[BlackElo "2485"]
[Result "0-1"]
[Round "01"]
[TimeControl "180+2"]
[Date "2023.01.10"]
[WhiteClock "0:00:14"]
[BlackClock "0:00:17"]

1. Nf3 c5 2. g3 Nc6 3. Bg2 d5 4. O-O e5 5. c4 d4 6. d3 Nf6 7. e3 dxe3 8. Bxe3 Bd6 9. Bg5 O-O 10. Nc3 h6 11. Bxf6 Qxf6 12. Nd2 Qd8 13. Bxc6 bxc6 14. Qe2 Bf5 15. Rad1 Rb8 16. b3 Re8 17. Nde4 Bf8 18. g4 Bg6 19. Ng3 Qd4 20. Nce4 Rbd8 21. Nf5 Qd7 22. Qf3 Kh7 23. h4 h5 24. Neg3 hxg4 25. Qxg4 Bxf5 26. Nxf5 g6 27. Ne3 f5 28. Qh3 Bh6 29. h5 Rg8 30. Kh1 f4 31. Ng4 Qf5 32. hxg6+ Rxg6 33. f3 Rdd6 34. Rfe1 Rde6 35. Rd2 Kg7 36. Rde2 Kf8 37. Kg2 Qxd3 38. Rxe5 Qd2+ 39. Kf1 Qd3+ 40. Kf2 Rxe5 41. Rxe5 Qd4+ 42. Kf1 Bg7 43. Re2 Qd1+ 44. Re1 Qd3+ 45. Re2 Re6 46. Qg2 Qd1+ 0-1


[Site "https://www.chess.com"]

[Event "Titled Tuesday Blitz January 10 Late 2023"]
[White "Kozak, Adam"]
[Black "Kaplan, Avi Harrison"]
[WhiteFideId "753246"]
[BlackFideId "30934559"]
[WhiteElo "2572"]
[BlackElo "2146"]
[Result "0-1"]
[Round "01"]
[TimeControl "180+2"]
[Date "2023.01.10"]
[WhiteClock "0:00:01"]
[BlackClock "0:00:04"]

1. b3 e5 2. Bb2 d6 3. e3 c5 4. c4 Nc6 5. g3 Be6 6. Bg2 Qd7 7. Nc3 Be7 8. Nd5 Nf6 9. Nxf6+ Bxf6 10. Ne2 O-O 11. O-O Bh3 12. f4 Bxg2 13. Kxg2 Rfe8 14. Nc3 exf4 15. Rxf4 Nb4 16. Rxf6 gxf6 17. Qf1 d5 18. a3 dxc4 19. axb4 Qxd2+ 20. Qf2 Rad8 21. bxc4 Qxf2+ 22. Kxf2 Rd2+ 23. Kf3 Rxb2 24. Nd5 Kg7 25. Rxa7 cxb4 26. Rxb7 b3 27. c5 Rc8 28. Nf4 Kf8 29. Rb5 Ke7 30. h4 Rb1 31. Kg4 Kd7 32. Ne2 b2 33. Nd4 Rg8+ 34. Kh5 Kc7 35. c6 Rb8 36. Rd5 Re1 37. Rd7+ Kb6 38. c7 Rc8 39. Rd8 Rxc7 40. Rb8+ Rb7 41. Rc8 b1=Q 42. Rc6+ Ka7 43. Rxf6 Rxe3 44. Nf5 Re5 45. g4 Rxf5+ 46. gxf5 Rb6 47. Rxf7+ Rb7 48. Rf6 Qb2 49. Re6 Qb3 50. Kg5 Qd5 51. h5 Rb5 52. Rf6 Qg2+ 53. Kh6 Rb7 54. Rg6 hxg6 55. fxg6 Qd2# 0-1


[Site "https://www.chess.com"]

[Event "Titled Tuesday Blitz January 10 Late 2023"]
[White "Novikov, Evgenij"]
[Black "Bacrot, Etienne"]
[WhiteFideId "4125380"]
[BlackFideId "605506"]
[WhiteElo "2276"]
[BlackElo "2667"]
[Result "0-1"]
[Round "01"]
[TimeControl "180+2"]
[Date "2023.01.10"]
[WhiteClock "0:00:09"]
[BlackClock "0:01:33"]

1. d4 Nf6 2. c4 e6 3. a3 d5 4. cxd5 exd5 5. Nc3 Be7 6. Bg5 O-O 7. e3 c6 8. Bd3 Ne4 9. Bf4 Bf5 10. Nge2 Nd7 11. O-O Re8 12. f3 Nxc3 13. bxc3 Bg6 14. Bg3 Nb6 15. e4 Rc8 16. e5 c5 17. f4 cxd4 18. cxd4 Nc4 19. Bxg6 hxg6 20. Rf3 Qd7 21. Be1 Rc6 22. Bb4 Rec8 23. Bxe7 Qxe7 24. Ng3 Nb2 25. Qf1 Qh4 26. Rb1 Nc4 27. Qf2 Nb6 28. h3 Rc2 29. Qe1 Nc4 30. Rd1 Nb2 31. Rb1 Nc4 32. Kh2 Nd2 33. Rbb3 Nxb3 34. Rxb3 Qxf4 35. e6 fxe6 36. Qxe6+ Kh7 37. Rxb7 R8c7 38. Qxd5 Rxb7 39. Qxb7 Rc3 40. Qf3 Rxf3 0-1


[Site "https://www.chess.com"]

[Event "Titled Tuesday Blitz January 10 Late 2023"]
[White "Indjic, Aleksandar"]
[Black "Goncalves, Davi Sulzbacher"]
[WhiteFideId "911925"]
[BlackFideId "2154510"]
[WhiteElo "2618"]
[BlackElo "2282"]
[Result "1-0"]
[Round "01"]
[TimeControl "180+2"]
[Date "2023.01.10"]
[WhiteClock "0:00:22"]
[BlackClock "0:00:04"]

1. d4 Nf6 2. Nf3 e6 3. Bg5 d5 4. Nbd2 Be7 5. e3 b6 6. c3 Bb7 7. Bd3 Nbd7 8. Qb1 h6 9. Bf4 Nh5 10. Be5 Nxe5 11. dxe5 g5 12. h3 c5 13. Qc2 Qc7 14. Bb5+ Kf8 15. Be2 Ng7 16. c4 d4 17. Bd3 Rd8 18. exd4 cxd4 19. a3 Nh5 20. g3 Kg7 21. Rg1 Rc8 22. Qd1 Kf8 23. Qe2 Ng7 24. Ne4 Nf5 25. g4 Ng7 26. Kf1 h5 27. Nexg5 hxg4 28. hxg4 Qd8 29. Ne4 Rh3 30. Rg3 Rh1+ 31. Ng1 Bh4 32. Rg2 f5 33. exf6 Ne8 34. g5 Nd6 35. Qh5 Bxe4 36. Bxe4 Nxe4 37. Qh8+ Kf7 38. g6# 1-0


[Site "https://www.chess.com"]

[Event "Titled Tuesday Blitz January 10 Late 2023"]
[White "Arencibia Monduy, Antonio"]
[Black "Abdrlauf, Elham"]
[WhiteFideId "3507939"]
[BlackFideId "1533533"]
[WhiteElo "2122"]
[BlackElo "2518"]
[Result "0-1"]
[Round "01"]
[TimeControl "180+2"]
[Date "2023.01.10"]
[WhiteClock "0:00:17"]
[BlackClock "0:01:10"]

1. e4 c6 2. d4 d5 3. Nc3 dxe4 4. Nxe4 Nf6 5. Nxf6+ exf6 6. Nf3 Bd6 7. Bd3 O-O 8. O-O Re8 9. h3 Nd7 10. Re1 Nf8 11. Rxe8 Qxe8 12. c4 Be6 13. b3 Ng6 14. Bb2 Rd8 15. Qc2 Qd7 16. Bf1 Bf5 17. Qd2 Be4 18. Be2 Nf4 19. Re1 Nxh3+ 20. gxh3 Qxh3 21. Qe3 Bh2+ 22. Kh1 Bf4+ 23. Kg1 Bxe3 0-1


[Site "https://www.chess.com"]

[Event "Titled Tuesday Blitz January 10 Late 2023"]
[White "Boros, Denes"]
[Black "Sivakumar, Shaaketh"]
[WhiteFideId "722340"]
[BlackFideId "30940176"]
[WhiteElo "2406"]
[BlackElo "2337"]
[Result "1-0"]
[Round "01"]
[TimeControl "180+2"]
[Date "2023.01.10"]
[WhiteClock "0:02:06"]
[BlackClock "0:01:56"]

1. d4 e6 2. Nc3 d5 3. Nf3 c5 4. e4 dxe4 5. Nxe4 cxd4 6. Nxd4 Be7 7. Bf4 e5 8. Bb5+ Bd7 9. Bxe5 Qa5+ 10. Nc3 Nf6 11. O-O O-O 12. Re1 Nc6 13. Bxc6 bxc6 14. Nb3 Qb4 15. Bxf6 1-0


[Site "https://www.chess.com"]

[Event "Titled Tuesday Blitz January 10 Late 2023"]
[White "Titus, Andrew"]
[Black "Kazakouski, Valery"]
[WhiteFideId "2059770"]
[BlackFideId "13507443"]
[WhiteElo "2124"]
[BlackElo "2539"]
[Result "1/2-1/2"]
[Round "01"]
[TimeControl "180+2"]
[Date "2023.01.10"]
[WhiteClock "0:00:27"]
[BlackClock "0:00:48"]

1. e4 c5 2. Nf3 a6 3. d4 cxd4 4. Nxd4 Nf6 5. Nc3 e5 6. Nf3 Bb4 7. Bc4 Qc7 8. Qd3 b5 9. Bb3 d6 10. O-O Bxc3 11. bxc3 Nbd7 12. Ba3 Nc5 13. Bxc5 dxc5 14. Bd5 Rb8 15. a4 c4 16. Qe3 O-O 17. axb5 axb5 18. Ra7 Qd6 19. Rd1 Be6 20. Ng5 Bxd5 21. exd5 Rbd8 22. Ne4 Nxe4 23. Qxe4 Qc5 24. Rb7 Rfe8 25. h4 g6 26. h5 f5 27. Qf3 e4 28. Qg3 Rxd5 29. Rxd5 Qxd5 30. Qc7 Qd1+ 31. Kh2 Qxh5+ 32. Kg1 Qd1+ 33. Kh2 Qh5+ 34. Kg1 Qd1+ 35. Kh2 Qh5+ 1/2-1/2


[Site "https://www.chess.com"]

[Event "Titled Tuesday Blitz January 10 Late 2023"]
[White "Vasquez Schroeder, Rodrigo"]
[Black "Hansen, Torbjorn Ringdal"]
[WhiteFideId "3400042"]
[BlackFideId "1501720"]
[WhiteElo "2524"]
[BlackElo "2432"]
[Result "0-1"]
[Round "01"]
[TimeControl "180+2"]
[Date "2023.01.10"]
[WhiteClock "0:00:12"]
[BlackClock "0:00:26"]

1. e4 c6 2. d4 d5 3. exd5 cxd5 4. c4 Nf6 5. Nc3 g6 6. cxd5 Bg7 7. Bc4 O-O 8. Nge2 Nbd7 9. Nf4 Nb6 10. Bb3 Bg4 11. f3 Bf5 12. h4 Rc8 13. g4 Bd7 14. h5 Nc4 15. Qd3 b5 16. a4 a6 17. axb5 Bxb5 18. hxg6 hxg6 19. Qc2 Qd6 20. g5 Nh5 21. Ne4 Qb6 22. Nxh5 gxh5 23. Rxh5 Rfe8 24. Nc5 Rxc5 25. dxc5 Qxc5 26. Qh7+ Kf8 27. Rh1 e6 28. d6 Qb4+ 29. Kf2 Qxb3 30. Kg3 Qb4 31. Bf4 e5 32. Bc1 Qxd6 33. Rh6 Qd4 34. Kg2 Nd2 35. Rh1 e4 36. f4 e3 37. Rh6 Qd5+ 38. Kg3 Qf3+ 0-1


[Site "https://www.chess.com"]

[Event "Titled Tuesday Blitz January 10 Late 2023"]
[White "Novikova, Galina"]
[Black "Pakleza, Zbigniew"]
[WhiteFideId "4157095"]
[BlackFideId "1119290"]
[WhiteElo "2073"]
[BlackElo "2494"]
[Result "0-1"]
[Round "01"]
[TimeControl "180+2"]
[Date "2023.01.10"]
[WhiteClock "0:00:01"]
[BlackClock "0:00:13"]

1. e4 d6 2. d4 Nf6 3. Nc3 c6 4. f3 Qb6 5. Bc4 e6 6. Nge2 d5 7. Bd3 c5 8. e5 Nfd7 9. Na4 Qa5+ 10. c3 cxd4 11. b4 Qc7 12. cxd4 Bxb4+ 13. Bd2 Qa5 14. Nac3 Qd8 15. O-O O-O 16. f4 f5 17. g4 g6 18. gxf5 gxf5 19. Kh1 Kh8 20. Rg1 Nc6 21. Qf1 Qh4 22. Rg3 Nb6 23. Qg2 Bd7 24. Rh3 Qe7 25. Rg1 Rg8 26. Rg3 Qf7 27. Qf2 Nc4 28. Be1 a6 29. Qf3 Be7 30. Qf2 Rxg3 31. Nxg3 Rg8 32. Bf1 Bh4 33. Bg2 b5 34. Qf3 Be8 0-1


[Site "https://www.chess.com"]

[Event "Titled Tuesday Blitz January 10 Late 2023"]
[White "Putnam, Liam"]
[Black "Dudzinski, Pawel"]
[WhiteFideId "30938279"]
[BlackFideId "1117890"]
[WhiteElo "2285"]
[BlackElo "2186"]
[Result "1-0"]
[Round "01"]
[TimeControl "180+2"]
[Date "2023.01.10"]
[WhiteClock "0:00:37"]
[BlackClock "0:00:04"]

1. a3 g6 2. Nf3 Bg7 3. e3 e5 4. d4 e4 5. Nfd2 d5 6. c4 c6 7. Nc3 f5 8. Be2 Nf6 9. b4 Be6 10. Bb2 O-O 11. Rc1 Nbd7 12. cxd5 Nxd5 13. Nc4 Nxc3 14. Bxc3 Nb6 15. Na5 Qd7 16. O-O Nd5 17. Bb2 f4 18. exf4 Nxf4 19. Bc4 Rad8 20. Qb3 Rf7 21. Bxe6 Qxe6 22. Qxe6 Nxe6 23. Rfe1 Bxd4 24. Bxd4 Rxd4 25. Nb3 Rd3 26. Rb1 Nd4 27. Nc5 Rxa3 28. Rxe4 Nc2 29. h4 b6 30. Ne6 Re7 31. Rd1 Ra1 32. Rxa1 Nxa1 33. Re3 Nc2 34. Rc3 Nxb4 35. Ng5 Re1+ 36. Kh2 c5 37. Rf3 Re7 38. Rf6 Rc7 39. Rd6 Rc8 40. Rd7 c4 41. Nxh7 Rc6 42. Ng5 c3 43. Rd8+ Kg7 44. Rd7+ Kf6 45. f4 Kf5 46. Rf7+ Kg4 47. Ne4 c2 48. Nf2+ Kxh4 49. Rh7# 1-0


[Site "https://www.chess.com"]

[Event "Titled Tuesday Blitz January 10 Late 2023"]
[White "Seletsky, Grigory"]
[Black "Kobalia, Mikhail"]
[WhiteFideId "14112191"]
[BlackFideId "4119150"]
[WhiteElo "2259"]
[BlackElo "2578"]
[Result "1/2-1/2"]
[Round "01"]
[TimeControl "180+2"]
[Date "2023.01.10"]
[WhiteClock "0:00:13"]
[BlackClock "0:00:06"]

1. e4 c5 2. Nc3 e6 3. Nf3 a6 4. a4 Nc6 5. d3 g6 6. g3 Bg7 7. Bg2 Nge7 8. h4 h5 9. Bg5 d6 10. O-O O-O 11. Qd2 e5 12. Bh6 Nd4 13. Bxg7 Kxg7 14. Nxd4 cxd4 15. Ne2 f6 16. c3 dxc3 17. bxc3 Be6 18. d4 Rc8 19. f4 Bc4 20. Rf2 Bxe2 21. Rxe2 Qa5 22. Ra3 Rc7 23. Qb2 Rfc8 24. Rb3 Rxc3 25. Rxb7 R8c7 26. dxe5 dxe5 27. Kh2 Qc5 28. Qb6 Qxb6 29. Rxb6 a5 30. fxe5 fxe5 31. Rb5 R3c5 32. Reb2 Nc8 33. Rxc5 Rxc5 34. Rb7+ Kf6 35. Ra7 Nd6 36. Ra6 Ke7 37. Ra7+ Kf8 38. Ra6 Ke7 39. Ra7+ Ke6 40. Ra6 Rc2 41. Kg1 Ke7 42. Rxa5 Nc4 43. Rc5 Kd6 44. Rc8 Rc1+ 45. Kh2 Rc2 46. a5 Kd7 47. Rc5 Kd6 48. Rc8 Kd7 49. Rc5 Kd6 50. Rc8 1/2-1/2


[Site "https://www.chess.com"]

[Event "Titled Tuesday Blitz January 10 Late 2023"]
[White "Mikaelyan, Arman"]
[Black "Stanojevic, Ilija"]
[WhiteFideId "13304852"]
[BlackFideId "959995"]
[WhiteElo "2523"]
[BlackElo "2142"]
[Result "1-0"]
[Round "01"]
[TimeControl "180+2"]
[Date "2023.01.10"]
[WhiteClock "0:01:03"]
[BlackClock "0:01:50"]

1. d4 d5 2. Nf3 Nf6 3. Bf4 c5 4. e3 Nc6 5. Nbd2 e6 6. c3 Bd6 7. Bg3 Qc7 8. dxc5 Bxg3 9. hxg3 a5 10. Bd3 a4 11. e4 Qa5 12. exd5 Nxd5 13. Ne4 O-O 14. Rxh7 Kxh7 15. Nfg5+ Kh6 16. Qg4 f5 17. Qh4+ Kg6 18. Qh7# 1-0


[Site "https://www.chess.com"]

[Event "Titled Tuesday Blitz January 10 Late 2023"]
[White "Remolar Gallen, Jose"]
[Black "Fernandez Guillen, Ernesto J."]
[WhiteFideId "2215187"]
[BlackFideId "3512428"]
[WhiteElo "2285"]
[BlackElo "2477"]
[Result "0-1"]
[Round "01"]
[TimeControl "180+2"]
[Date "2023.01.10"]
[WhiteClock "0:01:37"]
[BlackClock "0:01:44"]

1. d4 Nf6 2. c4 g6 3. Nc3 Bg7 4. e4 d6 5. f3 O-O 6. Be3 e5 7. d5 Nbd7 8. Qd2 a5 9. h4 Nh5 10. Nge2 f5 11. g4 fxg4 12. fxg4 Nf4 13. O-O-O Nf6 14. Nxf4 exf4 15. Bxf4 Nxg4 16. h5 Rxf4 17. hxg6 Rf2 18. gxh7+ Kh8 19. Qd3 Qg5+ 20. Kb1 Ne5 21. Qd4 Qf6 22. Be2 Bg4 23. Rdf1 Rf8 0-1


[Site "https://www.chess.com"]

[Event "Titled Tuesday Blitz January 10 Late 2023"]
[White "Boruchovsky, Avital"]
[Black "Rengifo Blancas, Renzo Jhonathan"]
[WhiteFideId "2800055"]
[BlackFideId "3807185"]
[WhiteElo "2539"]
[BlackElo "2131"]
[Result "1-0"]
[Round "01"]
[TimeControl "180+2"]
[Date "2023.01.10"]
[WhiteClock "0:00:08"]
[BlackClock "0:00:21"]

1. d4 d5 2. c4 c6 3. Nf3 Nf6 4. Qc2 g6 5. e3 Bg7 6. Bd3 O-O 7. O-O dxc4 8. Qxc4 Nbd7 9. b4 Nb6 10. Qc2 a5 11. bxa5 Nbd5 12. Bd2 Qd6 13. a3 Nd7 14. e4 Nc7 15. Bb4 Qf6 16. Nc3 e5 17. Bxf8 Bxf8 18. d5 Nc5 19. dxc6 bxc6 20. Bc4 Bg4 21. Nd2 N7e6 22. Ne2 Bxe2 23. Bxe2 Nd4 24. Qc4 Rxa5 25. a4 Qe6 26. Rfe1 Qxc4 27. Nxc4 Rxa4 28. Rxa4 Nxa4 29. Bf1 f6 30. Ra1 Nc5 31. f3 Nce6 32. Ra8 Kg7 33. Kf2 Bc5 34. g3 Nb5+ 35. Kg2 Nbd4 36. Bd3 h5 37. Na5 h4 38. Nb7 Bb6 39. Nd6 h3+ 40. Kxh3 Nxf3 41. Bc4 Neg5+ 42. Kg2 Nd2 43. Ne8+ Kh6 44. Bd3 Ndxe4 45. Bxe4 Nxe4 46. Ra6 Bd8 47. Rxc6 g5 48. Kf3 Nd2+ 49. Ke2 Ne4 50. Ke3 Nc5 51. Rxc5 Bb6 52. Nxf6 Bxc5+ 53. Ke4 Bg1 54. Kxe5 Kg6 55. Ng4 Kh5 56. Kf5 Bc5 57. Nf6+ Kh6 58. h3 Bb6 59. Ne4 Bd8 60. g4 Be7 61. Ke6 Bd8 62. Kf7 Ba5 63. Nd6 Bd2 64. Nf5+ Kh7 65. Kf6 Bf4 66. Nd4 Kh6 67. Nf5+ Kh7 68. Ng7 Bc1 69. Ne6 Kh6 70. Nd8 Bb2+ 71. Kf5 Bc1 72. Nf7+ Kg7 73. Nxg5 Kh6 74. Ne6 Kh7 75. h4 Bb2 76. g5 Ba3 77. h5 Be7 78. Nf4 Bf8 79. Ng6 Bg7 80. Ne5 Bf8 81. Ng4 Bg7 82. g6+ Kg8 83. h6 Bc3 84. Nf6+ Bxf6 85. Kxf6 Kh8 86. g7+ Kh7 87. Kf7 Kxh6 88. g8=Q Kh5 89. Qg6+ Kh4 90. Kf6 Kh3 91. Kf5 Kh2 92. Kf4 Kh1 93. Kf3 1-0


[Site "https://www.chess.com"]

[Event "Titled Tuesday Blitz January 10 Late 2023"]
[White "Lopez Gracia, Fernando"]
[Black "Corrales Jimenez, Fidel"]
[WhiteFideId "2207184"]
[BlackFideId "3506690"]
[WhiteElo "2255"]
[BlackElo "2489"]
[Result "0-1"]
[Round "01"]
[TimeControl "180+2"]
[Date "2023.01.10"]
[WhiteClock "0:00:47"]
[BlackClock "0:00:16"]

1. c4 Nf6 2. Nc3 c5 3. Nf3 Nc6 4. d4 cxd4 5. Nxd4 g6 6. e4 d6 7. Be2 Nxd4 8. Qxd4 Bg7 9. Be3 O-O 10. Qd2 a5 11. O-O a4 12. Rac1 Bd7 13. f3 Bc6 14. Kh1 Nd7 15. Rfd1 h5 16. b4 axb3 17. axb3 Nc5 18. Qc2 Qa5 19. Bd2 Qa3 20. b4 Nb3 21. Nb1 Qa2 22. Nc3 Bxc3 23. Qxc3 Nxc1 24. Rxc1 Ra3 25. Qd4 Rb3 26. b5 Qb2 27. Qxb2 Rxb2 28. Bh6 Rxe2 29. Bxf8 Kxf8 30. bxc6 bxc6 31. Kg1 c5 32. Kf1 Rb2 33. h4 f5 34. exf5 gxf5 35. Kg1 Kf7 36. Kh2 f4 37. Re1 Rc2 38. Re4 e5 39. Kh3 Rc3 40. Kh2 Ke6 41. Kg1 Rd3 42. Re2 Rd4 43. Rc2 d5 44. cxd5+ Kxd5 45. Kf2 c4 46. Ra2 c3 47. Ke2 Kc4 48. Ra4+ Kb3 49. Ra8 c2 50. Rb8+ Kc3 51. Rc8+ Rc4 52. Rxc4+ Kxc4 53. Kd2 Kb3 54. Kc1 Kc3 55. g4 fxg3 56. f4 g2 57. f5 g1=Q# 0-1


[Site "https://www.chess.com"]

[Event "Titled Tuesday Blitz January 10 Late 2023"]
[White "Preotu, Razvan"]
[Black "Szyszylo, Rafal"]
[WhiteFideId "2613280"]
[BlackFideId "1109626"]
[WhiteElo "2475"]
[BlackElo "2091"]
[Result "1-0"]
[Round "01"]
[TimeControl "180+2"]
[Date "2023.01.10"]
[WhiteClock "0:00:13"]
[BlackClock "0:00:10"]

1. e4 d6 2. d4 Nf6 3. Nc3 g6 4. Be3 c6 5. Qd2 b5 6. Bd3 Nbd7 7. Nf3 Nb6 8. O-O Bg7 9. Bh6 O-O 10. e5 Nfd5 11. h3 Nxc3 12. Bxg7 Kxg7 13. Qxc3 Bb7 14. exd6 Qxd6 15. Rfe1 Kg8 16. Qd2 Nd5 17. Qh6 f6 18. Bxg6 hxg6 19. Qxg6+ Kh8 20. Re4 Nf4 21. Qh6+ Kg8 22. Rxf4 Kf7 23. Qh5+ Ke6 24. Qg4+ Kf7 25. Qh5+ Ke6 26. Qf5+ Kf7 27. Re1 Rg8 28. Rfe4 Rae8 29. Ne5+ Kf8 30. Nd7+ Kf7 31. Re6 Qxd4 32. Nxf6 exf6 33. Rxe8 Rxe8 34. Qh7+ Kf8 35. Qh8+ Kf7 36. Qxe8+ Kg7 37. Re7+ Kh6 38. Qh8+ Kg6 39. Qg8+ Kf5 40. Qe6+ Kg6 41. Qg8+ Kf5 42. Qg4+ Qxg4 43. hxg4+ Kxg4 44. Rxb7 1-0


[Site "https://www.chess.com"]

[Event "Titled Tuesday Blitz January 10 Late 2023"]
[White "Bon, Michael"]
[Black "Jaracz, Pawel"]
[WhiteFideId "620696"]
[BlackFideId "1102222"]
[WhiteElo "2394"]
[BlackElo "2467"]
[Result "0-1"]
[Round "01"]
[TimeControl "180+2"]
[Date "2023.01.10"]
[WhiteClock "0:00:03"]
[BlackClock "0:00:21"]

1. e4 c6 2. d4 d5 3. e5 c5 4. dxc5 e6 5. a3 Bxc5 6. Qg4 Ne7 7. Nf3 O-O 8. Bd3 Nf5 9. b4 Bb6 10. Bg5 Qc7 11. Bf6 Bxf2+ 12. Kxf2 Qb6+ 13. Ke1 Qe3+ 14. Kd1 Qxd3+ 15. cxd3 Ne3+ 16. Ke2 Nxg4 17. Bh4 Nc6 18. d4 b6 19. Nc3 Nh6 20. Rhc1 Nf5 21. Bf2 f6 22. exf6 gxf6 23. Nxd5 Ba6+ 24. Kd2 Rac8 25. Nf4 Kf7 26. g4 Nfe7 27. Re1 Bc4 28. Rac1 Bd5 29. Nxd5 Nxd5 30. Bg3 Rfd8 31. h3 h5 32. g5 Nce7 33. h4 Nf5 34. Bf2 Nd6 35. gxf6 Ne4+ 0-1


[Site "https://www.chess.com"]

[Event "Titled Tuesday Blitz January 10 Late 2023"]
[White "Gracia Alvarez, Gerardo Antonio"]
[Black "Yuan, Qingyu"]
[WhiteFideId "5109124"]
[BlackFideId "8609772"]
[WhiteElo "2238"]
[BlackElo "2373"]
[Result "0-1"]
[Round "01"]
[TimeControl "180+2"]
[Date "2023.01.10"]
[WhiteClock "0:00:01"]
[BlackClock "0:00:02"]

1. d4 d5 2. Nf3 Nf6 3. Bf4 c5 4. e3 Nc6 5. Nbd2 cxd4 6. exd4 Bf5 7. c3 e6 8. Qb3 Qc8 9. Nh4 Bg4 10. h3 Bh5 11. g4 Bg6 12. Nxg6 hxg6 13. Bg2 Be7 14. Bf3 a6 15. a4 Na5 16. Qc2 Qd7 17. Kf1 Rc8 18. Kg2 Bd6 19. Bxd6 Qxd6 20. Qd3 O-O 21. Rhe1 Nc4 22. Nxc4 Rxc4 23. a5 Rfc8 24. Qe3 R4c6 25. h4 b6 26. axb6 Rxb6 27. Re2 Rcb8 28. Ra2 Qc7 29. Qd3 Qf4 30. Qe3 Qc7 31. Qd3 Qb7 32. g5 Ne8 33. h5 gxh5 34. Bxh5 g6 35. Bg4 Qc7 36. Qf3 Nd6 37. Qf4 Qd8 38. f3 Nc4 39. b4 Kg7 40. Ra1 Qe7 41. Rh1 Rh8 42. Ree1 Rbb8 43. Ra1 a5 44. Rxh8 Rxh8 45. bxa5 Qb7 46. Qf6+ Kg8 47. Ra2 Rh4 48. Kg3 Rh1 49. Qd8+ Kg7 50. Qf6+ Kg8 51. Qd8+ Kh7 52. Qf6 Nd6 53. Kg2 Qb1 54. Kg3 Qg1+ 55. Rg2 Qe1+ 56. Kf4 Qc1+ 57. Kg3 Qe1+ 58. Kf4 Qc1+ 59. Kg3 Ne4+ 60. fxe4 Qe3+ 0-1


[Site "https://www.chess.com"]

[Event "Titled Tuesday Blitz January 10 Late 2023"]
[White "Bryakin, Mikhail"]
[Black "Forgacs, Attila Jr."]
[WhiteFideId "4165314"]
[BlackFideId "773654"]
[WhiteElo "2455"]
[BlackElo "2264"]
[Result "1-0"]
[Round "01"]
[TimeControl "180+2"]
[Date "2023.01.10"]
[WhiteClock "0:00:38"]
[BlackClock "0:00:08"]

1. e4 e5 2. d4 exd4 3. Qxd4 Nc6 4. Qd3 Nf6 5. Nc3 Bb4 6. Ne2 O-O 7. Bg5 h6 8. Bh4 d6 9. O-O-O Ne5 10. Qg3 Ng6 11. Nd5 Nxh4 12. Qxh4 Nxd5 13. Qxd8 Rxd8 14. exd5 Bd7 15. Nd4 Bc5 16. c3 Re8 17. Bd3 Bxd4 18. cxd4 a5 19. Kd2 a4 20. Rc1 c6 21. dxc6 Bxc6 22. f3 g6 23. a3 Rac8 24. Rhe1 Kf8 25. Rxe8+ Rxe8 26. Rc4 Ra8 27. Rb4 Ra5 28. h4 Ke7 29. Ke3 Rh5 30. g3 Ra5 31. g4 Kf6 32. f4 Ke7 33. g5 h5 34. Bc4 Kf8 35. d5 Bxd5 36. Bxd5 Rxd5 37. Rxb7 Ra5 38. Kd4 Ke8 39. Ke4 Kf8 40. Rd7 Ra6 41. Kd5 Ra5+ 42. Kd4 Ra6 43. Rb7 Ke8 44. Kc4 Ra5 45. Rb5 Rxb5 46. Kxb5 Ke7 47. Kxa4 d5 48. Kb3 Ke6 49. a4 Kf5 50. a5 d4 51. a6 d3 52. a7 Kxf4 53. a8=Q Ke3 54. Qe8+ Kd2 55. Kc4 f5 56. gxf6 g5 57. hxg5 h4 58. f7 h3 59. f8=Q h2 60. Qf2+ Kc1 61. Qee1# 1-0


[Site "https://www.chess.com"]

[Event "Titled Tuesday Blitz January 10 Late 2023"]
[White "Bozorov, Makhsum"]
[Black "Nogerbek, Kazybek"]
[WhiteFideId "14201330"]
[BlackFideId "13710427"]
[WhiteElo "2145"]
[BlackElo "2474"]
[Result "0-1"]
[Round "01"]
[TimeControl "180+2"]
[Date "2023.01.10"]
[WhiteClock "0:00:10"]
[BlackClock "0:01:05"]

1. d4 g6 2. c4 Bg7 3. Nf3 d6 4. g3 Nc6 5. Bg2 Bd7 6. O-O Qc8 7. Nc3 Bh3 8. e4 h5 9. Bg5 h4 10. Nxh4 Bxg2 11. Kxg2 Nxd4 12. Be3 Nc6 13. Re1 Nf6 14. Nd5 e6 15. Nxf6+ Bxf6 16. Nf3 Bxb2 17. Rb1 Bf6 18. h4 b6 19. Nd4 Bxd4 20. Bxd4 e5 21. Be3 Qe6 22. Qd5 Kd7 23. Red1 a6 24. Rbc1 f6 25. Qd2 Ke7 26. Qd5 Nb4 27. Qd2 a5 28. a3 Na6 29. Qd5 Rad8 30. Qb7 Qc8 31. Qc6 Qa8 32. Qb5 Qxe4+ 33. Kg1 Nb8 34. c5 bxc5 35. Bxc5 g5 36. Qxa5 Rd7 37. Bxd6+ cxd6 0-1


[Site "https://www.chess.com"]